| TOP OF THE 1ST |
|
Hudson Valley Renegades batting - Pitching for Mahoning Valley Scrappers : RHP Mike Staley
|
|
Pitching: RHP Mike Staley
|
|
|
Batting: LHB Jonathan Spino
|
0-0: Swinging Strike 0-1: Ball 1-1: SINGLE (Groundball, 25, EV 70.6 MPH) (infield hit)
|
|
Batting: SHB Chris Lockart
|
0-0: Called Strike 0-1: Called Strike 0-2: Ball 1-2: Ball 2-2: Ball 3-2: Fielders Choice at 2nd, 4-6 (Groundball, 34, EV 110.6 MPH)
|
|
Batting: RHB Alex Koral
|
0-0: Called Strike 0-1: Swinging Strike 0-2: Hit by Pitch Chris Lockart to second
|
|
Batting: SHB Joshua Jackson
|
0-0: Ball 1-0: Called Strike 1-1: Ball 2-1: Ball 3-1: Fly out, F8 (Flyball, 8RD, EV 97.5 MPH)
|
|
Batting: RHB Joe Hartigan
|
0-0: Called Strike 0-1: Ground out 4-3 (Groundball, 4, EV 85.0 MPH)
|
| Top of the 1st over - 0 runs, 1 hit, 0 errors, 2 left on base; Hudson Valley 0 - Mahoning Valley 0 |
| BOTTOM OF THE 1ST |
|
Mahoning Valley Scrappers batting - Pitching for Hudson Valley Renegades : RHP Adam Householder
|
|
Pitching: RHP Adam Householder
|
|
|
Batting: LHB Kazuyoshi Nakamura
|
0-0: Ball 1-0: Called Strike 1-1: Foul Ball, location: 2F 1-2: Foul Ball, location: 2F 1-2: Foul Ball, location: 2F 1-2: Ball 2-2: Ball 3-2: Foul Ball, location: 2F 3-2: Foul Ball, location: 2F 3-2: Base on Balls
|
|
Batting: RHB Ricky Cordova
|
0-0: Foul Ball, location: 2F 0-1: Foul Ball, location: 2F 0-2: Ball 1-2: Foul Ball, location: 2F 1-2: Foul Ball, location: 2F 1-2: Foul Ball, location: 2F 1-2: Strikes out swinging
|
|
Batting: LHB Vinny Carreno
|
0-0: Grounds into double play, 4-6-3 (Groundball, 4S, EV 81.2 MPH)
|
| Bottom of the 1st over - 0 runs, 0 hits, 0 errors, 0 left on base; Hudson Valley 0 - Mahoning Valley 0 |
| TOP OF THE 2ND |
|
Hudson Valley Renegades batting - Pitching for Mahoning Valley Scrappers : RHP Mike Staley
|
|
Batting: RHB Mikey Sano
|
0-0: Ball 1-0: Foul Ball, location: 2F 1-1: Ball 2-1: Ground out U3 (Groundball, 34S, EV 90.6 MPH)
|
|
Batting: RHB Eric Waugaman
|
0-0: Called Strike 0-1: Foul Ball, location: 2F 0-2: Strikes out swinging
|
|
Batting: RHB Chris Glavin
|
0-0: Ground out 6-3 (Groundball, 56, EV 86.9 MPH)
|
| Top of the 2nd over - 0 runs, 0 hits, 0 errors, 0 left on base; Hudson Valley 0 - Mahoning Valley 0 |
| BOTTOM OF THE 2ND |
|
Mahoning Valley Scrappers batting - Pitching for Hudson Valley Renegades : RHP Adam Householder
|
|
Batting: LHB Brandon Hopper
|
0-0: Ground out 6-3 (Groundball, 6, EV 97.5 MPH)
|
|
Batting: RHB Chris Folse
|
0-0: Ball 1-0: Swinging Strike 1-1: Foul Ball, location: 2F 1-2: Ball 2-2: Strikes out swinging
|
|
Batting: LHB Dave Key
|
0-0: Ball 1-0: Ground out U3 (Groundball, 3, EV 85.6 MPH)
|
| Bottom of the 2nd over - 0 runs, 0 hits, 0 errors, 0 left on base; Hudson Valley 0 - Mahoning Valley 0 |
| TOP OF THE 3RD |
|
Hudson Valley Renegades batting - Pitching for Mahoning Valley Scrappers : RHP Mike Staley
|
|
Batting: LHB Sean Boenig
|
0-0: Swinging Strike 0-1: Ball 1-1: Bunted foul 1-2: Ball 2-2: Strikes out swinging
|
|
Batting: LHB Jonathan Spino
|
0-0: SOLO HOME RUN (Flyball, 9D, EV 96.2 MPH), Distance : 371 ft
|
|
Batting: SHB Chris Lockart
|
0-0: Called Strike 0-1: Called Strike 0-2: Foul Ball, location: 2F 0-2: Foul Ball, location: 2F 0-2: Ball 1-2: Foul Ball, location: 2F 1-2: Foul Ball, location: 2F 1-2: Ground out 4-3 (Groundball, P, EV 81.2 MPH)
|
|
Batting: RHB Alex Koral
|
0-0: Called Strike 0-1: Ball 1-1: Called Strike 1-2: Ball 2-2: Strikes out swinging
|
| Top of the 3rd over - 1 run, 1 hit, 0 errors, 0 left on base; Hudson Valley 1 - Mahoning Valley 0 |
| BOTTOM OF THE 3RD |
|
Mahoning Valley Scrappers batting - Pitching for Hudson Valley Renegades : RHP Adam Householder
|
|
Batting: RHB Kevin Wiles
|
0-0: Called Strike 0-1: Reached via error on a dropped throw from 3B, E3 (Groundball, 56S, EV 80.6 MPH)
|
|
Batting: RHB Jose Argueta
|
0-0: Foul Ball, location: 2F 0-1: Ball 1-1: Ball 2-1: Fly out, F6 (Popup, 6MD, EV 71.2 MPH)
|
|
Batting: RHB Jason Harris
|
0-0: Called Strike 0-1: Ball 1-1: Called Strike 1-2: Strikes out looking
|
|
Batting: LHB Kazuyoshi Nakamura
|
0-0: Called Strike 0-1: Foul Ball, location: 2F 0-2: Ball 1-2: Strikes out looking
|
| Bottom of the 3rd over - 0 runs, 0 hits, 1 error, 1 left on base; Hudson Valley 1 - Mahoning Valley 0 |
| TOP OF THE 4TH |
|
Hudson Valley Renegades batting - Pitching for Mahoning Valley Scrappers : RHP Mike Staley
|
|
Batting: SHB Joshua Jackson
|
0-0: Ball 1-0: Ball 2-0: Called Strike 2-1: Foul Ball, location: 2F 2-2: Ball 3-2: Strikes out swinging
|
|
Batting: RHB Joe Hartigan
|
0-0: Ball 1-0: Fly out, F7 (Flyball, 7, EV 86.2 MPH)
|
|
Batting: RHB Mikey Sano
|
0-0: Foul Ball, location: 2F 0-1: Ball 1-1: Ball 2-1: Ball 3-1: Foul Ball, location: 2F 3-2: Strikes out swinging
|
| Top of the 4th over - 0 runs, 0 hits, 0 errors, 0 left on base; Hudson Valley 1 - Mahoning Valley 0 |
| BOTTOM OF THE 4TH |
|
Mahoning Valley Scrappers batting - Pitching for Hudson Valley Renegades : RHP Adam Householder
|
|
Batting: RHB Ricky Cordova
|
0-0: Foul Ball, location: 2F 0-1: DOUBLE (Line Drive, 7LM, EV 108.8 MPH)
|
|
Batting: LHB Vinny Carreno
|
0-0: Ball 1-0: Ball 2-0: Ground out 4-3 (Groundball, 4, EV 85.6 MPH) Ricky Cordova to third
|
|
Batting: LHB Brandon Hopper
|
0-0: Foul Ball, location: 2F 0-1: Foul Ball, location: 2F 0-2: Hit by Pitch
|
|
Batting: RHB Chris Folse
|
0-0: Called Strike 0-1: Ball 1-1: 3-RUN HOME RUN (Flyball, 7LD, EV 95.0 MPH), Distance : 345 ft
|
|
Batting: LHB Dave Key
|
0-0: Ball 1-0: Called Strike 1-1: Foul Ball, location: 2F 1-2: Strikes out looking
|
|
Batting: RHB Kevin Wiles
|
0-0: Called Strike 0-1: Ball 1-1: Swinging Strike 1-2: Ball 2-2: Foul Ball, location: 2F 2-2: SINGLE (Flyball, 3D, EV 95.0 MPH)
|
|
Batting: RHB Jose Argueta
|
0-0: Ball 1-0: Ball 2-0: Called Strike 2-1: Ball 3-1: Base on Balls Kevin Wiles to second
|
|
Batting: RHB Jason Harris
|
0-0: Called Strike 0-1: Ball 1-1: Fly out, F3 (Popup, 23F, EV 91.9 MPH)
|
| Bottom of the 4th over - 3 runs, 3 hits, 0 errors, 2 left on base; Hudson Valley 1 - Mahoning Valley 3 |
| TOP OF THE 5TH |
|
Hudson Valley Renegades batting - Pitching for Mahoning Valley Scrappers : RHP Mike Staley
|
|
Batting: RHB Eric Waugaman
|
0-0: Ball 1-0: Ball 2-0: Ball 3-0: Called Strike 3-1: Foul Ball, location: 2F 3-2: Foul Ball, location: 2F 3-2: Base on Balls
|
|
Batting: RHB Chris Glavin
|
0-0: Ball 1-0: Called Strike 1-1: Ball 2-1: Ball 3-1: Foul Ball, location: 2F 3-2: Foul Ball, location: 2F 3-2: Foul Ball, location: 2F 3-2: SINGLE (Groundball, 4MD, EV 105.0 MPH) Eric Waugaman to second
|
|
Batting: LHB Sean Boenig
|
0-0: Ball 1-0: Swinging Strike 1-1: SINGLE (Groundball, 4D, EV 106.2 MPH) Eric Waugaman to third Chris Glavin to second
|
|
Batting: LHB Jonathan Spino
|
0-0: Ball 1-0: Reached via error on a dropped throw from 2B, E6 (Groundball, 4, EV 82.5 MPH) Eric Waugaman scores Chris Glavin to third Sean Boenig to second
|
|
Batting: SHB Chris Lockart
|
0-0: Foul Ball, location: 2F 0-1: Ball 1-1: Ball 2-1: Foul Ball, location: 2F 2-2: Fielders Choice at 2nd, 4-6 (Groundball, 4, EV 82.5 MPH) Chris Glavin scores Sean Boenig to third
|
|
Batting: RHB Alex Koral
|
0-0: Ball 1-0: Foul Ball, location: 2F 1-1: Ball 2-1: Foul Ball, location: 2F 2-2: Strikes out swinging
|
|
Batting: SHB Joshua Jackson
|
0-0: Ball 1-0: Swinging Strike 1-1: Foul Ball, location: 2F 1-2: Foul Ball, location: 2F 1-2: Foul Ball, location: 2F 1-2: Reached via error on a dropped throw from SS, E4 (Groundball, 6, EV 109.4 MPH) Sean Boenig scores Chris Lockart to second
|
|
Batting: RHB Joe Hartigan
|
0-0: Fielders Choice at 2nd, 6-4 (Groundball, 6, EV 91.2 MPH)
|
| Top of the 5th over - 3 runs, 2 hits, 2 errors, 2 left on base; Hudson Valley 4 - Mahoning Valley 3 |
| BOTTOM OF THE 5TH |
|
Mahoning Valley Scrappers batting - Pitching for Hudson Valley Renegades : RHP Adam Householder
|
|
Batting: LHB Kazuyoshi Nakamura
|
0-0: Ball 1-0: Called Strike 1-1: Swinging Strike 1-2: Ground out 4-3 (Groundball, 4S, EV 86.2 MPH)
|
|
Batting: RHB Ricky Cordova
|
0-0: Ball 1-0: Ball 2-0: Called Strike 2-1: DOUBLE (Groundball, 5L, EV 108.1 MPH)
|
|
Batting: LHB Vinny Carreno
|
0-0: Ball 1-0: Ball 2-0: Ball 3-0: Base on Balls
|
|
Batting: LHB Brandon Hopper
|
0-0: Called Strike 0-1: Foul Ball, location: 2F 0-2: Foul Ball, location: 2F 0-2: Strikes out swinging
|
|
Batting: RHB Chris Folse
|
0-0: Ball 1-0: Called Strike 1-1: Ball 2-1: Foul Ball, location: 2F 2-2: 3-RUN HOME RUN (Flyball, 7LD, EV 93.8 MPH), Distance : 352 ft
|
|
Pitching: LHP Min Xue
|
|
|
Batting: LHB Dave Key
|
0-0: Called Strike 0-1: Ball 1-1: Foul Ball, location: 2F 1-2: Ball 2-2: Ball 3-2: Base on Balls
|
|
Batting: RHB Kevin Wiles
|
0-0: Ball 1-0: Swinging Strike 1-1: Ball 2-1: Foul Ball, location: 2F 2-2: Foul Ball, location: 2F 2-2: Ball 3-2: Base on Balls Dave Key to second
|
|
Batting: RHB Jose Argueta
|
0-0: Called Strike 0-1: Foul Ball, location: 2F 0-2: Fielders Choice at 2nd, 6-4 (Groundball, 6, EV 93.8 MPH)
|
| Bottom of the 5th over - 3 runs, 2 hits, 0 errors, 2 left on base; Hudson Valley 4 - Mahoning Valley 6 |
| TOP OF THE 6TH |
|
Hudson Valley Renegades batting - Pitching for Mahoning Valley Scrappers : RHP Mike Staley
|
|
Batting: RHB Mikey Sano
|
0-0: Called Strike 0-1: Called Strike 0-2: Ball 1-2: Ball 2-2: SINGLE (Groundball, 6D, EV 100.0 MPH)
|
|
Batting: RHB Eric Waugaman
|
0-0: Fielders Choice at 2nd, 6-4 (Groundball, 6, EV 79.4 MPH)
|
|
Batting: RHB Chris Glavin
|
0-0: Ball 1-0: Foul Ball, location: 2F 1-1: Ball Wild Pitch! Eric Waugaman to second 2-1: Ball 3-1: Ground out 6-3 (Groundball, 6, EV 98.1 MPH)
|
|
Batting: LHB Sean Boenig
|
0-0: Ball 1-0: Ball 2-0: Called Strike 2-1: Ball 3-1: Foul Ball, location: 2F 3-2: Strikes out swinging
|
| Top of the 6th over - 0 runs, 1 hit, 0 errors, 1 left on base; Hudson Valley 4 - Mahoning Valley 6 |
| BOTTOM OF THE 6TH |
|
Mahoning Valley Scrappers batting - Pitching for Hudson Valley Renegades : LHP Min Xue
|
|
Batting: RHB Jason Harris
|
0-0: Called Strike 0-1: Foul Ball, location: 2F 0-2: Ground out 6-3 (Groundball, 6, EV 93.1 MPH)
|
|
Batting: LHB Kazuyoshi Nakamura
|
0-0: Foul Ball, location: 2F 0-1: Swinging Strike 0-2: Ball 1-2: Ball 2-2: Ball 3-2: Base on Balls
|
|
Batting: RHB Ricky Cordova
|
0-0: Called Strike Kazuyoshi Nakamura steals 2nd base 0-1: Ground out 3-1 (Groundball, 13, EV 84.4 MPH) Kazuyoshi Nakamura to third
|
|
Batting: RHB Harris Leroux
|
0-0: Ball 1-0: Called Strike 1-1: Ball 2-1: Ground out 6-3 (Groundball, 6, EV 81.2 MPH)
|
| Bottom of the 6th over - 0 runs, 0 hits, 0 errors, 1 left on base; Hudson Valley 4 - Mahoning Valley 6 |
| TOP OF THE 7TH |
|
Hudson Valley Renegades batting - Pitching for Mahoning Valley Scrappers : RHP Mike Staley
|
|
Pitching: RHP Josh Aronhalt
|
|
|
Now in CF: Jonathan Livingston
|
|
|
Now in RF: Chris Folse
|
|
|
Batting: LHB Jonathan Spino
|
0-0: Ball 1-0: Called Strike 1-1: Ball 2-1: Foul Ball, location: 2F 2-2: Ground out 5-3 (Groundball, 25, EV 83.1 MPH)
|
|
Batting: SHB Chris Lockart
|
0-0: Ball 1-0: Ball 2-0: Ball 3-0: Called Strike 3-1: Base on Balls
|
|
Batting: RHB Alex Koral
|
0-0: Ball 1-0: Called Strike 1-1: Ball Passed Ball! Chris Lockart to second 2-1: Fly out, F7 (Flyball, 78M, EV 76.9 MPH)
|
|
Batting: SHB Joshua Jackson
|
0-0: Ball 1-0: Ball 2-0: Ball 3-0: Base on Balls
|
|
Batting: RHB Joe Hartigan
|
0-0: Foul Ball, location: 2F 0-1: Ball 1-1: Ball Passed Ball! Chris Lockart to third Joshua Jackson to second 2-1: Called Strike 2-2: Ball 3-2: Fly out, F2 (Popup, 23F, EV 84.4 MPH)
|
| Top of the 7th over - 0 runs, 0 hits, 0 errors, 2 left on base; Hudson Valley 4 - Mahoning Valley 6 |
| BOTTOM OF THE 7TH |
|
Mahoning Valley Scrappers batting - Pitching for Hudson Valley Renegades : LHP Min Xue
|
|
Pitching: LHP Kazuyoshi Miyazaki
|
|
|
Batting: LHB Brandon Hopper
|
0-0: Called Strike 0-1: SINGLE (Groundball, 4MD, EV 103.8 MPH)
|
|
Batting: RHB Chris Folse
|
0-0: Ball 1-0: Ball 2-0: Called Strike 2-1: Fly out, F3 (Popup, 3F, EV 53.1 MPH)
|
|
Batting: LHB Dave Key
|
0-0: Ball 1-0: Swinging Strike 1-1: SINGLE (Line Drive, 8RS, EV 104.4 MPH) Brandon Hopper to second
|
|
Batting: RHB Kevin Wiles
|
0-0: Fly out, F8 (Flyball, 8RXD, EV 95.6 MPH) Runner from 2nd tags up, SAFE at 3rd, no throw by CF
|
|
Batting: RHB Jose Argueta
|
0-0: Called Strike 0-1: Ball 1-1: Ball 2-1: Ground out 4-3 (Groundball, 4, EV 84.4 MPH)
|
| Bottom of the 7th over - 0 runs, 2 hits, 0 errors, 2 left on base; Hudson Valley 4 - Mahoning Valley 6 |
| TOP OF THE 8TH |
|
Hudson Valley Renegades batting - Pitching for Mahoning Valley Scrappers : RHP Josh Aronhalt
|
|
Now in LF: Travis Burnett
|
|
|
Batting: RHB Mikey Sano
|
0-0: Foul Ball, location: 2F 0-1: Fly out, F8 (Line Drive, 8LM, EV 94.4 MPH)
|
|
Pinch Hitting: LHB Dan Hunt
|
0-0: Called Strike 0-1: Foul Ball, location: 2F 0-2: Ball 1-2: Ball 2-2: Ball 3-2: Base on Balls
|
|
Batting: RHB Chris Glavin
|
0-0: Foul Ball, location: 2F 0-1: Ball 1-1: Ball 2-1: Foul Ball, location: 2F 2-2: Strikes out looking
|
|
Batting: LHB Sean Boenig
|
0-0: Ball 1-0: Ground out 4-3 (Groundball, 34S, EV 83.8 MPH)
|
| Top of the 8th over - 0 runs, 0 hits, 0 errors, 1 left on base; Hudson Valley 4 - Mahoning Valley 6 |
| BOTTOM OF THE 8TH |
|
Mahoning Valley Scrappers batting - Pitching for Hudson Valley Renegades : LHP Kazuyoshi Miyazaki
|
|
Now at 2B: Devin Brown
|
|
|
Now at SS: Joshua Jackson
|
|
|
Batting: RHB Jason Harris
|
0-0: Ball 1-0: Foul Ball, location: 2F 1-1: Foul Ball, location: 2F 1-2: Ball 2-2: Foul Ball, location: 2F 2-2: Ball 3-2: SINGLE (Groundball, 4MD, EV 100.0 MPH)
|
|
Batting: RHB Jonathan Livingston
|
0-0: Called Strike 0-1: Swinging Strike 0-2: Fly out, F8 (Flyball, 78D, EV 97.5 MPH)
|
|
Batting: RHB Ricky Cordova
|
0-0: Called Strike 0-1: Ball 1-1: Fly out, F7 (Flyball, 78M, EV 83.8 MPH)
|
|
Batting: RHB Harris Leroux
|
0-0: Called Strike 0-1: Foul Ball, location: 2F 0-2: Ball 1-2: DOUBLE (Groundball, 5L, EV 106.9 MPH) Jason Harris to third Runner from 3rd tries for Home, SAFE, no throw by LF
|
|
Batting: SHB Travis Burnett
|
0-0: Foul Ball, location: 2F 0-1: Fly out, F4 (Line Drive, 34D, EV 73.1 MPH)
|
| Bottom of the 8th over - 1 run, 2 hits, 0 errors, 1 left on base; Hudson Valley 4 - Mahoning Valley 7 |
| TOP OF THE 9TH |
|
Hudson Valley Renegades batting - Pitching for Mahoning Valley Scrappers : RHP Josh Aronhalt
|
|
Pitching: LHP Micah Watson
|
|
|
Batting: LHB Jonathan Spino
|
0-0: Called Strike 0-1: Ground out 4-3 (Groundball, 4, EV 83.1 MPH)
|
|
Batting: SHB Chris Lockart
|
0-0: SINGLE (Groundball, 4MD, EV 104.4 MPH)
|
|
Batting: RHB Alex Koral
|
0-0: Ball 1-0: Called Strike 1-1: Ball 2-1: Ball 3-1: Foul Ball, location: 2F 3-2: Strikes out swinging
|
|
Batting: SHB Joshua Jackson
|
0-0: Ball 1-0: Foul Ball, location: 2F 1-1: Swinging Strike 1-2: Strikes out swinging
|
| Top of the 9th over - 0 runs, 1 hit, 0 errors, 1 left on base; Hudson Valley 4 - Mahoning Valley 7 |
|